[Event "Late-Titled-Tuesday-Blitz-January-16-2024"]
[Site "Chess.com"]
[Date "2024.01.16"]
[Round "1"]
[White "Firouzja2003"]
[Black "Championnn-9"]
[Result "1-0"]
[WhiteElo "3166"]
[BlackElo "2527"]
[TimeControl "180+1"]
[EndTime "14:05:59 PST"]
[Termination "Firouzja2003 won by resignation"]

1. e4 c5 2. Nf3 Nc6 3. d4 cxd4 4.
Nxd4 g6 5. c4 Bg7 6. Be3 Nf6 7.
Nc3 d6 8. f3 O-O 9. Qd2 Bd7 10.
Be2 Nxd4 11. Bxd4 a5 12. O-O Bc6 13. b3 Nd7 14. Be3 Nc5 15. Rab1 Qb6 16. Rfc1 Rfc8 17.
Rc2 Qd8 18. Kh1 h5 19. a3 Kh7 20. h3 Qh8 21. b4 axb4 22. axb4 Na4 23. Nd1 Bd7 24. f4 Bc6 25. Bd3 b6 26. Qe2 Bd4 27. e5 dxe5 28. Bxd4 exd4 29. Qxe7 Qe8 30. Qg5 Kg7 31.
Re2 Qd8 32. Re7 Qd6 33. Nf2 Qf6 34. Qxf6+ Kxf6 35. Rbe1 Nc3 36. b5 Re8 37. R7e5 Bb7 38. Rxe8 1-0

[Event "Late-Titled-Tuesday-Blitz-January-16-2024"]
[Site "Chess.com"]
[Date "2024.01.16"]
[Round "1"]
[White "ValeriyGrinev"]
[Black "th3d4rkness"]
[Result "1-0"]
[WhiteElo "2556"]
[BlackElo "2104"]
[TimeControl "180+1"]
[EndTime "14:06:02 PST"]
[Termination "ValeriyGrinev won by resignation"]

1. e4 c5 2. Nf3 Nc6 3. Bb5 e6 4. Bxc6 bxc6 5. d3 Qc7 6. h4 e5 7.
h5 h6 8. Nbd2 d6 9. Nc4 Be6 10.
Ne3 Nf6 11. b3 d5 12. Bb2 Bd6 13. Nd2 c4 14. bxc4 d4 15. Nf5 Bxf5 16. exf5 c5 17.
Qf3 Rb8 18. Bc1 O-O 19. Ne4 Nxe4 20. Qxe4 Qb7 21. f3 Qxe4+ 22. fxe4 Be7 23. Ba3 Rb6 24. Ke2 Rfb8 25. Bc1 Bg5 26. Bxg5 hxg5 27. Kd2 Rh6 28. Rab1 Rxb1 29. Rxb1 Ra6 30. Rb5 Rc6 31.
Rb8+ Kh7 32. Rb7 Ra6 33. Rxf7 Kg8 34. Re7 Rxa2 35. Rxe5 a5 36. Rxc5 a4 37. Ra5 a3 38.
Ra7 Ra1 39. c5 a2 40. c6 Rg1 41. Rxa2 Rxg2+ 42. Kc1 Kf7 43. c7 1-0

[Event "Late-Titled-Tuesday-Blitz-January-16-2024"]
[Site "Chess.com"]
[Date "2024.01.16"]
[Round "1"]
[White "Rud_Makarian"]
[Black "krucki03"]
[Result "1-0"]
[WhiteElo "3046"]
[BlackElo "2518"]
[TimeControl "180+1"]
[EndTime "14:06:03 PST"]
[Termination "Rud_Makarian won on time"]

1. d4 Nf6 2. c4 c5 3. d5 b5 4.
cxb5 a6 5. e3 Bb7 6. Nc3 e6 7.
dxe6 fxe6 8. Nf3 Be7 9. a4 O-O 10. Be2 d5 11. O-O axb5 12. Bxb5 Nc6 13. b3 Bd6 14.
Bb2 Qe7 15. Qe2 e5 16. Nxd5 Nxd5 17. Bc4 Nb4 18. e4 Kh8 19. exd5 e4 20. Nd2 Rae8 21.
Rae1 Nxd5 22. Qxe4 Bxh2+ 23. Kxh2 Qd6+ 24. Be5 Qh6+ 25. Kg1 Qxd2 26. Rd1 Qb4 27. Rxd5 Bxd5 28. Qxd5 Qb6 29. f4 1-0

[Event "Late-Titled-Tuesday-Blitz-January-16-2024"]
[Site "Chess.com"]
[Date "2024.01.16"]
[Round "1"]
[White "rdarruda"]
[Black "Angry_Twin"]
[Result "0-1"]
[WhiteElo "2506"]
[BlackElo "2960"]
[TimeControl "180+1"]
[EndTime "14:06:03 PST"]
[Termination "Angry_Twin won by resignation"]

1. Nf3 d5 2. g3 Nf6 3. Bg2 g6 4. O-O Bg7 5. d3 O-O 6. e3 c5 7. Nc3 Nc6 8. Qe2 e5 9. e4 d4 10. Nb1 Ne8 11. Nbd2 Nd6 12. h3 Be6 13. b3 b5 14. a4 a6 15. Ba3 Nb4 16. Bxb4 cxb4 17.
Ne1 Qc7 18. f4 f6 19. Ndf3 Nf7 20. Kh2 exf4 21. Nxd4 fxg3+ 22. Kh1 Qb6 23. Nxe6 Qxe6 24. axb5 axb5 25. Rxa8 Rxa8 26. e5 Rc8 27. d4 fxe5 28.
Nd3 Qd6 29. d5 Nh6 30. Qe4 Nf5 31. Nxb4 Rc3 32. Nc6 Re3 33. Qg4 h5 34. Qg5 Bh6 35. Qd8+ Qxd8 36. Nxd8 Re2 37. Nc6 Ne3 38. Bf3 Rh2+ 39.
Kg1 Nxf1 40. Kxf1 Rf2+ 0-1

[Event "Late-Titled-Tuesday-Blitz-January-16-2024"]
[Site "Chess.com"]
[Date "2024.01.16"]
[Round "1"]
[White "dretch"]
[Black "Eloist"]
[Result "1-0"]
[WhiteElo "2790"]
[BlackElo "2441"]
[TimeControl "180+1"]
[EndTime "14:06:03 PST"]
[Termination "dretch won by checkmate"]

1. d4 e6 2. c4 Nf6 3. Nc3 Bb4 4. Qc2 c5 5. dxc5 O-O 6. a3 Bxc5 7. Bf4 b6 8. Nf3 Bb7 9. Rd1 Nh5 10. Bg5 Be7 11.
h4 Nf6 12. e4 Qc7 13. Be2 d6 14. Bxf6 Bxf6 15. Nb5 Qc6 16. Nxd6 Nd7 17. e5 Nxe5 18. Nxe5 Bxe5 19. Bf3 Qc7 20. Nxb7 Rab8 21. O-O Rxb7 22. Bxb7 Qxb7 23. Rfe1 Bf6 24. g3 Rc8 25. b3 h6 26.
Qe4 Qc7 27. Rd3 a5 28. Red1 Qc5 29. a4 Qb4 30. Kg2 g6 31. Rf3 Kg7 32. Rd7 h5 33. Rxf6 Kxf6 34. Qf4+ Kg7 35. Qxf7+ Kh8 36. Qg7# 1-0

[Event "Late-Titled-Tuesday-Blitz-January-16-2024"]
[Site "Chess.com"]
[Date "2024.01.16"]
[Round "1"]
[White "Truequitos"]
[Black "OparinGrigoriy"]
[Result "0-1"]
[WhiteElo "2520"]
[BlackElo "3055"]
[TimeControl "180+1"]
[EndTime "14:06:04 PST"]
[Termination "OparinGrigoriy won by resignation"]

1. d4 d5 2. Bf4 Nf6 3. e3 e6 4.
Nd2 c5 5. c3 Nc6 6. Ngf3 cxd4 7. exd4 Nh5 8. Bg5 f6 9. Bh4 g6 10. Bb5 Bd7 11. O-O Ng7 12. Re1 Nf5 13. Bg3 Bg7 14.
Qe2 O-O 15. Qd3 Re8 16. Re2 a6 17. Bxc6 Bxc6 18. a4 a5 19. b3 Qd7 20. Rae1 Rac8 21.
Qb1 b5 22. axb5 Bxb5 23. c4 dxc4 24. bxc4 Bxc4 25. Nxc4 Rxc4 26. Qa2 Qd5 27. Bc7 a4 28. Bb6 Bf8 29. h3 a3 30. Nd2 Rxd4 31. Qxd5 Rxd5 32. Nc4 e5 33. Ra2 Ra8 34. Rea1 Rd3 35. Be3 Nxe3 36.
Nxe3 Bc5 37. Nc4 Rc3 38. Nd2 Bd4 39. Ne4 Rb3 40. Rc1 Rb2 41. Rc7 Rxa2 42. Nxf6+ Kf8 43. Rd7 e4 0-1

[Event "Late-Titled-Tuesday-Blitz-January-16-2024"]
[Site "Chess.com"]
[Date "2024.01.16"]
[Round "1"]
[White "Kostukov_Alex"]
[Black "shrek4life02"]
[Result "0-1"]
[WhiteElo "2309"]
[BlackElo "2637"]
[TimeControl "180+1"]
[EndTime "14:06:04 PST"]
[Termination "shrek4life02 won on time"]

1. g3 e5 2. c4 c6 3. Bg2 d5 4. cxd5 cxd5 5. d4 e4 6. Nc3 Be6 7. Nh3 Bd6 8. O-O Nc6 9. Nf4 Nf6 10. Nxe6 fxe6 11. Bg5 O-O 12. e3 Rc8 13. Bh3 Qe8 14. Bxf6 Rxf6 15. f3 Rh6 16. Bg2 Qh5 17. h3 Bxg3 18.
fxe4 Qg5 19. exd5 Qxe3+ 20. Kh1 Nxd4 21. dxe6 Be5 22. Qg4 Rg6 23. Qh4 Nxe6 24. Rae1 Qg3 25. Qxg3 Bxg3 26. Re3 Nc5 27. Nd5 Bd6 28. Ne7+ Bxe7 29.
Rxe7 a5 30. Bd5+ Kh8 31. Ref7 h5 32. Bxb7 Nxb7 33. Rxb7 Rc2 34. Rb5 Rh6 35. Rff5 g6 36. Rf7 Kg8 37. Rd7 Rc8 38. Rxa5 Rh7 39. Ra6 Rxd7 40. Rxg6+ Kh7 41. Rg2 Kh6 0-1

[Event "Late-Titled-Tuesday-Blitz-January-16-2024"]
[Site "Chess.com"]
[Date "2024.01.16"]
[Round "1"]
[White "FrenchHarvey"]
[Black "Cambek64"]
[Result "1-0"]
[WhiteElo "2806"]
[BlackElo "2444"]
[TimeControl "180+1"]
[EndTime "14:06:05 PST"]
[Termination "FrenchHarvey won by resignation"]

1. e4 e6 2. d4 d5 3. e5 c5 4. c3 Nc6 5. Nf3 Bd7 6. Bd3 cxd4 7. O-O dxc3 8. Nxc3 a6 9. h4 h6 10. h5 Bc5 11. a3 Nge7 12. b4 Bb6 13. Na4 Ba7 14. Nc5 Bxc5 15. bxc5 Qc7 16. Bf4 g5 17. Bg3 O-O-O 18.
Re1 Kb8 19. Rb1 Ka8 20. Qe2 Na7 21. Rec1 Bb5 22. Nd4 Bxd3 23. Qxd3 Nec6 24. Rb6 Nxd4 25. Qxd4 Rc8 26. Rcb1 Qxc5 27. Qxc5 Rxc5 28. Rxb7 Rf8 29.
f3 Rb5 30. R1xb5 Nxb5 31. Rd7 Nxa3 32. Bf2 Nc4 33. Bc5 Rc8 34. Bd4 a5 35. Rxf7 Rc6 36.
g4 Ra6 37. f4 gxf4 38. g5 hxg5 39. h6 Rc6 40. h7 Rc8 41. Rg7 a4 42. Rg8 Kb7 43.
Rxc8 Kxc8 44. h8=Q+ Kb7 45. Qg7+ Kc6 46. Qxg5 a3 47.
Qxf4 a2 48. Qc1 Kb5 49. Qc2 Kb4 50. Qxa2 Kb5 51. Qb3+ Kc6 52. Qb4 Kd7 53. Qb7+ Ke8 54. Bc5 Kd8 55. Qe7+ Kc8 56. Bd6 Nxd6 57. exd6 Kb8 58.
Qc7+ Ka8 59. d7 1-0

[Event "Late-Titled-Tuesday-Blitz-January-16-2024"]
[Site "Chess.com"]
[Date "2024.01.16"]
[Round "1"]
[White "sjoerd893"]
[Black "Msb2"]
[Result "0-1"]
[WhiteElo "2517"]
[BlackElo "3038"]
[TimeControl "180+1"]
[EndTime "14:06:06 PST"]
[Termination "Msb2 won by checkmate"]

1. e4 e6 2. d4 d5 3. Nc3 Nf6 4. e5 Nfd7 5. f4 c5 6. Nf3 Nc6 7. Be3 a6 8. Qd2 b5 9. dxc5 Bxc5 10.
O-O-O Qb6 11. Bxc5 Nxc5 12. Bd3 b4 13. Ne2 a5 14. f5 exf5 15. Nf4 Be6 16. Bxf5 Bxf5 17. Nxd5 Qb7 18. Qf4 Bg6 19. e6 Nxe6 20. Rhe1 O-O 21. Qd6 Rad8 22. Qxc6 Qa7 23. Ne5 Rc8 24. Nxg6 hxg6 25. Qd6 Rfe8 26. Kb1 Qb7 27. g3 Rcd8 28. Qe5 a4 29. Nf4 Rxd1+ 30. Rxd1 b3 31. cxb3 axb3 32.
a3 Qc6 33. Qc3 Qe4+ 34. Qd3 Nxf4 35. gxf4 Qxd3+ 36. Rxd3 Re1+ 37. Rd1 Rxd1# 0-1

[Event "Late-Titled-Tuesday-Blitz-January-16-2024"]
[Site "Chess.com"]
[Date "2024.01.16"]
[Round "1"]
[White "guillembaches"]
[Black "Hikaru"]
[Result "0-1"]
[WhiteElo "2529"]
[BlackElo "3231"]
[TimeControl "180+1"]
[EndTime "14:06:08 PST"]
[Termination "Hikaru won by resignation"]

1. d4 g6 2. Nf3 Bg7 3. c3 d6 4. Bg5 Nd7 5. Nbd2 Ngf6 6. e4 e5 7. Bd3 b6 8. O-O Bb7 9. Re1 O-O 10. Qc2 h6 11. Bh4 Re8 12. Rad1 exd4 13. cxd4 g5 14. Bg3 Nh5 15. d5 a6 16. Nc4 Nc5 17. Bf1 a5 18. b3 Bc8 19. Nd4 Bxd4 20. Rxd4 Bf5 21. f3 Nxg3 22.
hxg3 Bg6 23. g4 Qf6 24. Qf2 h5 25. gxh5 Bxh5 26. Red1 g4 27. Be2 gxf3 28. gxf3 Kf8 29. Ne3 Re5 30. Nf5 Bg6 31. Ng3 Qf4 32. Kf1 Rg5 33. Kg2 Re8 34. Rh1 Kg7 35. Rdd1 Ree5 36. Rdg1 Rxg3+ 37. Qxg3 Rg5 38. Qxg5 Qxg5+ 39. Kf2 Qd2 0-1

[Event "Late-Titled-Tuesday-Blitz-January-16-2024"]
[Site "Chess.com"]
[Date "2024.01.16"]
[Round "1"]
[White "wanyaland"]
[Black "JSPrepz"]
[Result "0-1"]
[WhiteElo "2476"]
[BlackElo "2876"]
[TimeControl "180+1"]
[EndTime "14:06:10 PST"]
[Termination "JSPrepz won by resignation"]

1. d4 Nf6 2. c4 c5 3. d5 b5 4. cxb5 a6 5. bxa6 g6 6. Nc3 Bg7 7. g3 d6 8. Bg2 Nbd7 9. Rb1 Nb6 10. b3 O-O 11. Nf3 Bf5 12. Rb2 Ne4 13. Nxe4 Bxe4 14.
Nh4 Bxg2 15. Nxg2 Bc3+ 16. Kf1 Bxb2 17. Bxb2 Rxa6 18. a4 c4 19. Qd4 f6 20. bxc4 Rxa4 21.
Ne3 Nxc4 22. Nxc4 Qc7 23. Qe3 Qxc4 24. Qxe7 Qxd5 25. f3 Ra2 26. Bxf6 Qf7 27. Qxf7+ Kxf7 28. Bd4 Re8 29. e3 Rc8 0-1

[Event "Late-Titled-Tuesday-Blitz-January-16-2024"]
[Site "Chess.com"]
[Date "2024.01.16"]
[Round "1"]
[White "iwanyu"]
[Black "jamengrand"]
[Result "1-0"]
[WhiteElo "2666"]
[BlackElo "2349"]
[TimeControl "180+1"]
[EndTime "14:06:10 PST"]
[Termination "iwanyu won by resignation"]

1. d4 d5 2. c4 e6 3. Nf3 Nf6 4. g3 dxc4 5. Bg2 Bd7 6. Ne5 Bc6 7. Nxc6 Nxc6 8. e3 Qd7 9. O-O O-O-O 10. Nd2 e5 11.
Nxc4 exd4 12. exd4 Nxd4 13. Be3 Kb8 14. Bxd4 Qxd4 15.
Qb3 Nd5 16. Rad1 Qc5 17. Ne5 c6 18. Nxf7 Be7 19. Nxh8 Rxh8 20. Bxd5 cxd5 21. Rxd5 Qc7 22. Rfd1 Bf6 23. Rd7 Qc6 24. Rf7 Ka8 25. Rdd7 Rb8 26. Qd3 Qc1+ 27. Kg2 Qxb2 28. a4 Qb4 29. Qd5 a6 30. a5 Qb5 31. Qxb5 axb5 32. a6 b4 33. Rxb7 1-0

[Event "Late-Titled-Tuesday-Blitz-January-16-2024"]
[Site "Chess.com"]
[Date "2024.01.16"]
[Round "1"]
[White "tarno17"]
[Black "chesspreceptor"]
[Result "0-1"]
[WhiteElo "2171"]
[BlackElo "2569"]
[TimeControl "180+1"]
[EndTime "14:06:11 PST"]
[Termination "chesspreceptor won on time"]

1. e4 e5 2. Nf3 Nc6 3. Bb5 Nf6 4. O-O Nxe4 5. Re1 Nd6 6. Nxe5 Nxe5 7. Rxe5+ Be7 8. Ba4 O-O 9. d4 Bf6 10. Re1 b5 11. Bb3 Bb7 12. c3 a5 13. Bf4 Nc4 14.
Nd2 Nxb2 15. Qe2 a4 16. Bc2 Bc6 17. Rab1 a3 18. Qh5 g6 19. Qg4 Bd5 20. Bh6 Re8 21.
Rxe8+ Qxe8 22. Ne4 Bxe4 23. Bxe4 c6 24. Qf4 Bg7 25. d5 Bxh6 26. Qxh6 Qxe4 27. dxc6 Qxb1+ 0-1

[Event "Late-Titled-Tuesday-Blitz-January-16-2024"]
[Site "Chess.com"]
[Date "2024.01.16"]
[Round "1"]
[White "NovakCabarkapa"]
[Black "SandwichOSaumon"]
[Result "0-1"]
[WhiteElo "2797"]
[BlackElo "2482"]
[TimeControl "180+1"]
[EndTime "14:06:13 PST"]
[Termination "SandwichOSaumon won by checkmate"]

1. e4 c5 2. a3 Nc6 3. b4 e5 4.
b5 Nd4 5. c3 Ne6 6. Bc4 d6 7.
d3 g6 8. Ne2 Bg7 9. O-O Ne7 10.
f4 exf4 11. Nxf4 O-O 12. Qb3 Nxf4 13. Rxf4 d5 14. exd5 Qd6 15. Rf1 Be5 16. Bh6 Re8 17.
Nd2 Nf5 18. Ne4 Bxh2+ 19. Kh1 Rxe4 20. Rxf5 Rxc4 21. Qxc4 Bxf5 22. g4 Bd7 23. Kg2 Qg3+ 24. Kh1 Bxg4 25. Rf1 Bf3+ 26. Rxf3 Qg1# 0-1

[Event "Late-Titled-Tuesday-Blitz-January-16-2024"]
[Site "Chess.com"]
[Date "2024.01.16"]
[Round "1"]
[White "Road2GM3000"]
[Black "Hrant_ChessMood"]
[Result "0-1"]
[WhiteElo "2485"]
[BlackElo "2893"]
[TimeControl "180+1"]
[EndTime "14:06:14 PST"]
[Termination "Hrant_ChessMood won by resignation"]

1. d4 Nf6 2. c4 e6 3. Nc3 d5 4. cxd5 exd5 5. Bg5 c6 6. e3 Be7 7.
Bd3 O-O 8. Qc2 h6 9. Bh4 Ne8 10. Bg3 Nd6 11. Nf3 Re8 12. O-O Nd7 13. Ne5 Nxe5 14.
dxe5 Nc4 15. Rad1 Qa5 16. Qe2 b5 17. Bb1 Bb4 18. Qc2 g6 19. Ne2 Bf5 20. Qc1 Bd2 21. Rxd2 Qxd2 22. Bxf5 Qxc1 23. Rxc1 gxf5 24. b3 Nxe5 25. Nd4 f4 26. exf4 Nd3 27. Rd1 c5 28. Nf5 c4 29. Kf1 Rac8 30. Nd6 c3 31. Nxe8 c2 32.
Nf6+ Kg7 33. Nh5+ Kg6 0-1

[Event "Late-Titled-Tuesday-Blitz-January-16-2024"]
[Site "Chess.com"]
[Date "2024.01.16"]
[Round "1"]
[White "sergeikim"]
[Black "TheMagician"]
[Result "1-0"]
[WhiteElo "2562"]
[BlackElo "2158"]
[TimeControl "180+1"]
[EndTime "14:06:15 PST"]
[Termination "sergeikim won by resignation"]

1. d4 Nf6 2. c4 e6 3. Nc3 d5 4. Nf3 Be7 5. Bf4 c6 6. e3 O-O 7. c5 Nh5 8. Be5 Nd7 9. Bd3 f5 10. b4 g6 11. h3 b6 12. Bh2 a5 13.
a3 bxc5 14. bxc5 Bf6 15. Qc2 a4 16. O-O Qa5 17. Bd6 Re8 18. Rab1 Ba6 19. Bxa6 Qxa6 20. Rb4 Be7 21. Bh2 Nhf6 22. Rxa4 Qc8 23. Rb1 Ne4 24. Nxe4 fxe4 25. Ne5 Nxe5 26. Bxe5 Rxa4 27. Qxa4 Qa8 28.
Qxa8 Rxa8 29. Rb8+ Rxb8 30. Bxb8 Kf8 31. Bc7 Ke8 32. a4 Kd7 33. Bb6 Kc8 34. f3 Bf6 35.
fxe4 dxe4 36. Kf2 e5 37. dxe5 Bxe5 38. g4 h5 39. Ke2 Kb7 40. Kd2 hxg4 41. hxg4 Ka6 42.
Kc2 Bf6 43. Kb3 Be5 44. Kc4 Bf6 45. Bc7 Kb7 46. Bg3 Ka6 47. Be1 Bg7 48. Bc3 Bf8 49. Be5 Ka5 50. Kd4 Kxa4 51. Bd6 Kb5 52. Bxf8 1-0

[Event "Late-Titled-Tuesday-Blitz-January-16-2024"]
[Site "Chess.com"]
[Date "2024.01.16"]
[Round "1"]
[White "K_A_S_T_O_R"]
[Black "ShahMatKanal"]
[Result "1-0"]
[WhiteElo "2918"]
[BlackElo "2494"]
[TimeControl "180+1"]
[EndTime "14:06:19 PST"]
[Termination "K_A_S_T_O_R won by resignation"]

1. e4 Nf6 2. e5 Nd5 3. d4 d6 4. Nf3 g6 5. Bc4 Nb6 6. Bb3 Bg7 7. Ng5 d5 8. f4 h6 9. Nf3 Bg4 10. Nbd2 Nc6 11. h3 Bxf3 12. Nxf3 Na5 13. c3 Nxb3 14. axb3 e6 15. O-O a6 16. Be3 f5 17. exf6 Qxf6 18. Ne5 O-O 19. g4 Qh4 20. Kg2 Bxe5 21. dxe5 Rf7 22.
Qd3 Kg7 23. Rf3 Raf8 24. Raf1 Nd7 25. b4 c6 26. Bf2 Qe7 27. Bg3 c5 28. f5 gxf5 29.
gxf5 exf5 30. Qxd5 cxb4 31. e6 Nf6 32. Qxf5 bxc3 33.
bxc3 Nd5 34. Qxf7+ Rxf7 35. Rxf7+ 1-0

[Event "Late-Titled-Tuesday-Blitz-January-16-2024"]
[Site "Chess.com"]
[Date "2024.01.16"]
[Round "1"]
[White "Smile2005"]
[Black "SipkeErnst"]
[Result "0-1"]
[WhiteElo "2354"]
[BlackElo "2676"]
[TimeControl "180+1"]
[EndTime "14:06:19 PST"]
[Termination "SipkeErnst won by checkmate"]

1. e4 e5 2. Nf3 Nc6 3. Nc3 Nf6 4. Bb5 Bb4 5. O-O O-O 6. Bxc6 dxc6 7. d3 Bxc3 8. bxc3 Nd7 9. Ba3 Re8 10. h3 b6 11. Nd2 c5 12. f4 exf4 13. Rxf4 Ne5 14.
Qf1 Be6 15. Rf2 Qd7 16. Nf3 Nxf3+ 17. Rxf3 Qa4 18. Bc1 Qxc2 19. Qe1 Rad8 20. d4 Bd5 21. Bg5 Rxe4 22. Qg3 Rde8 23. Bf6 g6 24. Qxc7 Re2 25.
Qg3 Bxf3 26. gxf3 Qd2 27. Be5 f6 28. f4 fxe5 29. fxe5 cxd4 30. Rf1 Qe3+ 31. Qxe3 dxe3 32. Rd1 Rd2 33. Re1 Rxe5 34. c4 Rg5+ 35. Kf1 Rf2# 0-1

[Event "Late-Titled-Tuesday-Blitz-January-16-2024"]
[Site "Chess.com"]
[Date "2024.01.16"]
[Round "1"]
[White "RuleOfTwo"]
[Black "MikeSailer"]
[Result "1-0"]
[WhiteElo "2576"]
[BlackElo "2198"]
[TimeControl "180+1"]
[EndTime "14:06:21 PST"]
[Termination "RuleOfTwo won on time"]

1. d4 d5 2. Nf3 Nf6 3. Bg5 c6 4.
e3 Bf5 5. Bd3 e6 6. O-O Bd6 7.
Ne5 Bxd3 8. cxd3 Nbd7 9. Nxd7 Qxd7 10. f4 h6 11. Bxf6 gxf6 12. Nc3 f5 13. Qf3 O-O-O 14.
Rad1 h5 15. e4 fxe4 16. dxe4 h4 17. e5 Be7 18. f5 Bg5 19. b4 h3 20. g3 Rhg8 21. a4 Kb8 22. b5 Rdf8 23. Rb1 f6 24. fxe6 Qxe6 25. bxc6 Qxc6 26. Qxd5 Qxd5 27. Nxd5 fxe5 28.
dxe5 Rxf1+ 29. Rxf1 Re8 30. Rf5 Bd2 31. Kf2 Rd8 32. e6 1-0

[Event "Late-Titled-Tuesday-Blitz-January-16-2024"]
[Site "Chess.com"]
[Date "2024.01.16"]
[Round "1"]
[White "babero_gordo"]
[Black "maximnovik"]
[Result "0-1"]
[WhiteElo "1959"]
[BlackElo "2535"]
[TimeControl "180+1"]
[EndTime "14:06:22 PST"]
[Termination "maximnovik won by resignation"]

1. e4 c6 2. Nf3 d5 3. exd5 cxd5 4. Ne5 Nf6 5. d4 g6 6. Be2 Bg7 7. O-O O-O 8. Nd2 Nc6 9. Ndf3 Bf5 10. c3 Rc8 11. h3 Ne4 12. Nh4 Nxe5 13. dxe5 Bxe5 14. Nxf5 gxf5 15. Bh6 Re8 16. Bb5 Qd6 17. Bxe8 Rxe8 18. Qe2 Qxh6 19. Rad1 e6 20. a4 Kh8 21. Kh1 Rg8 22.
Qf3 Qh4 23. Rd3 Rg6 24. b4 Kg7 25. b5 b6 26. a5 Nc5 27. Re3 Bd6 28. axb6 axb6 29.
Ra1 Ne4 30. Re2 Bc5 31. Ra7 Nxf2+ 32. Rxf2 Qxf2 33. Qxf2 Bxf2 34. Rb7 Bc5 35. Ra7 e5 0-1

[Event "Late-Titled-Tuesday-Blitz-January-16-2024"]
[Site "Chess.com"]
[Date "2024.01.16"]
[Round "1"]
[White "SidArun"]
[Black "FoxOnTheRun97"]
[Result "0-1"]
[WhiteElo "2324"]
[BlackElo "2640"]
[TimeControl "180+1"]
[EndTime "14:06:27 PST"]
[Termination "FoxOnTheRun97 won by checkmate"]

1. d4 Nf6 2. Nc3 e6 3. Bf4 d5 4. Nb5 Bb4+ 5. c3 Ba5 6. e3 a6 7. Na3 O-O 8. Bd3 c6 9. Nf3 Bc7 10. Ne5 Nbd7 11. Qf3 Nxe5 12. dxe5 Nd7 13. Qg3 Bb8 14.
e4 f5 15. exf6 Qxf6 16. Bxb8 Rxb8 17. exd5 Ne5 18. O-O exd5 19. Rae1 Nxd3 20. Qxd3 Bf5 21. Qe3 Qg6 22. Qg3 Bd3 23. Qxg6 hxg6 24. Re7 Bxf1 25. Kxf1 Rf7 26. Re6 Rf6 27. Re7 Kf8 28. Rc7 Rf7 29. Rxf7+ Kxf7 30. Nc2 Re8 31. Nd4 Ke7 32. Ke2 Kd6+ 33.
Kd3 c5 34. Nf3 c4+ 35. Kd4 Re4# 0-1

[Event "Late-Titled-Tuesday-Blitz-January-16-2024"]
[Site "Chess.com"]
[Date "2024.01.16"]
[Round "1"]
[White "Zkid"]
[Black "nfds"]
[Result "1-0"]
[WhiteElo "2934"]
[BlackElo "2503"]
[TimeControl "180+1"]
[EndTime "14:06:28 PST"]
[Termination "Zkid won by checkmate"]

1. e4 d6 2. d4 e6 3. c4 Be7 4.
Nc3 Nf6 5. Nf3 O-O 6. Be2 b6 7. O-O Bb7 8. Qc2 Nbd7 9. e5 dxe5 10. dxe5 Ne8 11. Rd1 Qc8 12. Bg5 Qd8 13. h4 h6 14.
Bxh6 gxh6 15. Qd2 Bxf3 16. Bxf3 Nxe5 17. Bxa8 Qxa8 18. Qxh6 Ng4 19. Qf4 f5 20. Rd7 Kf7 21. Re1 Nef6 22. Rxe7+ Kxe7 23. Qxc7+ Nd7 24. Nd5+ Ke8 25.
Rxe6+ Kf7 26. Qxd7+ Kg8 27. Rg6+ Kh8 28. Qg7# 1-0

[Event "Late-Titled-Tuesday-Blitz-January-16-2024"]
[Site "Chess.com"]
[Date "2024.01.16"]
[Round "1"]
[White "Maxfan2008"]
[Black "Zhigalko_Sergei"]
[Result "0-1"]
[WhiteElo "2504"]
[BlackElo "2960"]
[TimeControl "180+1"]
[EndTime "14:06:30 PST"]
[Termination "Zhigalko_Sergei won by resignation"]

1. e4 c5 2. Nc3 Nc6 3. f4 g6 4.
Nf3 Bg7 5. Bc4 e6 6. e5 d5 7.
exd6 Qxd6 8. Ne4 Qc7 9. d3 Nge7 10. O-O b6 11. c3 O-O 12. Qe1 Bb7 13. Qh4 Nf5 14. Nf6+ Bxf6 15. Qxf6 Rad8 16. g4 Qe7 17. Qxe7 Nfxe7 18. f5 exf5 19. Bh6 Rfe8 20. Rae1 Na5 21. Bg5 Nxc4 22. dxc4 Be4 23. gxf5 gxf5 24. Kf2 Rd3 25. Ne5 Rh3 26. Bf4 Ng6 27. Nxg6 hxg6 28. Bg3 g5 29. Kg1 f4 30. Bf2 f5 31. Rd1 g4 32. Rfe1 g3 0-1

[Event "Late-Titled-Tuesday-Blitz-January-16-2024"]
[Site "Chess.com"]
[Date "2024.01.16"]
[Round "1"]
[White "ImportedItalianMaple"]
[Black "Makswolf200817"]
[Result "0-1"]
[WhiteElo "2388"]
[BlackElo "2708"]
[TimeControl "180+1"]
[EndTime "14:06:30 PST"]
[Termination "Makswolf200817 won on time"]

1. Nf3 d5 2. g3 Bg4 3. Bg2 c6 4. O-O e6 5. c4 Nf6 6. b3 Nbd7 7. Bb2 Bd6 8. d4 O-O 9. Nc3 a5 10. Qd3 Bf5 11. Qd2 Ne4 12. Nxe4 Bxe4 13. e3 a4 14.
Rfd1 Qe7 15. Qe2 Nf6 16. Bc3 h6 17. c5 Bc7 18. b4 a3 19. Nd2 Bxg2 20. Kxg2 e5 21.
dxe5 Bxe5 22. Qd3 Rfe8 23. Nf3 Bxc3 24. Qxc3 Ne4 25. Qc2 Qf6 26. Nd4 h5 27. h4 Qg6 28.
Rab1 Qg4 29. Ne2 g5 30. f3 Qf5 31. fxe4 Rxe4 32. Rf1 Qg4 33. hxg5 Rxe3 34. Rf2 h4 35. Rbf1 hxg3 36. Rf3 Rae8 37. Nf4 R3e4 38. Nh3 Re2+ 0-1

[Event "Late-Titled-Tuesday-Blitz-January-16-2024"]
[Site "Chess.com"]
[Date "2024.01.16"]
[Round "1"]
[White "djano"]
[Black "GrotBchess"]
[Result "1-0"]
[WhiteElo "2637"]
[BlackElo "2310"]
[TimeControl "180+1"]
[EndTime "14:06:30 PST"]
[Termination "djano won by resignation"]

1. e4 c5 2. Nc3 e6 3. f4 Nc6 4.
Nf3 Nge7 5. g3 d5 6. d3 g6 7.
Bg2 Bg7 8. O-O a6 9. e5 b5 10.
a4 Rb8 11. axb5 axb5 12. Bd2 Qc7 13. Kh1 Bd7 14. Ne2 h5 15. c3 Nf5 16. d4 c4 17. Kg1 Na5 18. Ra2 Nb3 19. Nc1 Na5 20. Ne1 Bf8 21. Nc2 Be7 22. Ne3 Nxe3 23. Bxe3 b4 24. Bd2 b3 25. Ra1 Nc6 26. Ne2 O-O 27.
g4 hxg4 28. Ng3 Bd8 29. Qxg4 Ne7 30. h4 Nf5 31. h5 Nh6 32. Qh3 Kg7 33. hxg6 fxg6 34.
f5 Nxf5 35. Nxf5+ Rxf5 36. Qh6+ Kf7 37. Qh7+ Kf8 38. Bh6+ Ke8 39. Qg8+ Ke7 40. Bf8+ Ke8 41. Bd6+ 1-0

[Event "Late-Titled-Tuesday-Blitz-January-16-2024"]
[Site "Chess.com"]
[Date "2024.01.16"]
[Round "1"]
[White "WPWPWP-2015"]
[Black "LyonBeast"]
[Result "0-1"]
[WhiteElo "2526"]
[BlackElo "3164"]
[TimeControl "180+1"]
[EndTime "14:06:32 PST"]
[Termination "LyonBeast won on time"]

1. e4 e5 2. Nf3 Nc6 3. Bb5 a6 4. Ba4 Nf6 5. O-O Be7 6. Re1 b5 7. Bb3 O-O 8. c3 d6 9. d4 Bg4 10. a4 b4 11. Be3 Rb8 12. a5 Bxf3 13. gxf3 d5 14. dxe5 Nxe5 15. f4 Nc4 16. e5 Ne4 17.
Bc1 bxc3 18. Nxc3 Nxf2 19. Kxf2 Bh4+ 20. Kf1 Bxe1 21. Kxe1 Qh4+ 22. Kf1 Qxh2 23. Bxc4 dxc4 24. Qf3 Rfd8 25. Qg2 Qh5 26. Be3 Rd3 27. Re1 h6 28.
Ne4 Kh7 29. Ng3 Qg4 30. f5 Rbb3 31. Bf2 Rxg3 32. Bxg3 Rxg3 33. Qe4 Rg1+ 34. Kf2 Qg3+ 35. Ke2 Qxe1+ 0-1

[Event "Late-Titled-Tuesday-Blitz-January-16-2024"]
[Site "Chess.com"]
[Date "2024.01.16"]
[Round "1"]
[White "SEBAZZANO"]
[Black "StellarChess"]
[Result "0-1"]
[WhiteElo "2231"]
[BlackElo "2583"]
[TimeControl "180+1"]
[EndTime "14:06:32 PST"]
[Termination "StellarChess won by resignation"]

1. d4 Nf6 2. Bf4 b6 3. e3 Bb7 4.
Nd2 e6 5. Ngf3 Be7 6. h3 O-O 7. Bd3 d6 8. O-O Nbd7 9. Re1 Re8 10. e4 Bf8 11. c3 e5 12. Bg5 h6 13. Bh4 a6 14. Rc1 Be7 15. Qe2 Nh5 16. Bxe7 Qxe7 17. Qd1 Nf4 18. Bf1 Qe6 19. Kh2 Qf6 20. g3 Ng6 21.
Bg2 Rad8 22. d5 Nc5 23. Nb3 Nxb3 24. Qxb3 Qe7 25. c4 Rf8 26. Nd2 Bc8 27. Rf1 f5 28.
exf5 Bxf5 29. Ne4 Kh8 30. Qe3 Rf7 31. b4 Rdf8 32. c5 bxc5 33. bxc5 Qd8 34. cxd6 cxd6 35. Rc6 Bxe4 36. Bxe4 Ne7 37. Rxa6 Qb8 38. Rb6 Qc7 39. a4 Nf5 40. Bxf5 Rxf5 41. Rbb1 Rf3 42. Qe2 Qc5 43. Rbd1 Rxf2+ 0-1